[ PARTIDA AOE2 · #507233546 ]
UnrankedChinos vs Tupi
Equipo del jugador · DERR
Equipo rival · VICT
[ ANÁLISIS DE REPETICIÓN · EXTRAÍDO DE LA PARTIDA GRABADA ]
Feudal
9:09
Castillos
24:29
Imperial
41:02
| APM promedio | 47.7 |
| APM pico | 79 |
| eAPM promedio | 26.3 |
| Aldeanos / militares | 185 / 111 |
Foco
⚔️ 41.0% · 🌾 59.0%
Archer ×59 · Scout Cavalry ×28 · Knight ×11 · Trebuchet (Packed) ×7 · Battering Ram ×4 · Monk ×1
Feudal
9:40
Castillos
27:25
Imperial
40:53
| APM promedio | 36.1 |
| APM pico | 67 |
| eAPM promedio | 25.5 |
| Aldeanos / militares | 104 / 12 |
Foco
⚔️ 42.7% · 🌾 57.3%
Unknown (2550) ×69 · Monk ×5 · Unknown (2579) ×5 · Trebuchet (Packed) ×4 · Spearman ×3
Mapa de la partida
Recursos iniciales + cada clic de construcción. Líneas = muros · curvas = relieve. ◆ oro · ⬟ piedra · ● bayas · ✦ reliquia · ◌ hueco del cierre
Tu base· Abierta — flanco sin cerrar
Base de gupo57· Abierta — flanco sin cerrar
Terreno inicial suavizado · ◌ = hueco del cierre detectado · pasá el cursor para detalles
Inputs por minuto
— [R1] 12Tirador - - gupo57
Build order — [R1] 12Tirador
Primeras 150 de 457 acciones detectadas
| 0:00 | Investigar | Loom |
| 0:39 | Crear | Villager (Male) |
| 1:05 | Crear | Villager (Male) |
| 1:34 | Crear | Villager (Male) |
| 1:34 | Crear | Villager (Male) |
| 1:42 | Construir | Lumber Camp |
| 1:53 | Crear | Villager (Male) |
| 2:14 | Crear | Villager (Male) |
| 2:40 | Crear | Villager (Male) |
| 3:11 | Crear | Villager (Male) |
| 3:11 | Crear | Villager (Male) |
| 3:19 | Construir | House |
| 3:29 | Crear | Villager (Male) |
| 3:29 | Crear | Villager (Male) |
| 3:51 | Crear | Villager (Male) |
| 4:17 | Crear | Villager (Male) |
| 4:19 | Crear | Villager (Male) |
| 4:20 | Crear | Villager (Male) |
| 4:29 | Construir | Mill |
| 5:17 | Crear | Villager (Male) |
| 5:18 | Crear | Villager (Male) |
| 5:24 | Construir | House |
| 5:49 | Crear | Villager (Male) |
| 6:15 | Crear | Villager (Male) |
| 6:54 | Investigar | Feudal Age |
| 7:03 | Construir | Lumber Camp |
| 8:15 | Construir | House |
| 8:22 | Construir | Barracks |
| 8:40 | Crear | Villager (Male) |
| 9:09 | Edad | Edad Feudal |
| 9:10 | Crear | Villager (Male) |
| 9:13 | Investigar | Double-Bit Axe |
| 9:24 | Construir | Archery Range |
| 9:36 | Crear | Villager (Male) |
| 10:04 | Crear | Villager (Male) |
| 10:09 | Crear | Villager (Male) |
| 10:13 | Crear | Archer |
| 10:16 | Crear | Villager (Male) |
| 10:22 | Construir | Watch Tower |
| 10:26 | Crear | Villager (Male) |
| 10:40 | Crear | Villager (Male) |
| 10:44 | Construir | Mill |
| 10:46 | Construir | Mining Camp |
| 10:50 | Investigar | Town Watch |
| 10:50 | Crear | Villager (Male) |
| 10:55 | Crear | Villager (Male) |
| 11:05 | Crear | Villager (Male) |
| 11:17 | Crear | Villager (Male) |
| 11:54 | Crear | Skirmisher |
| 12:10 | Construir | Farm |
| 12:11 | Construir | Farm |
| 12:20 | Crear | Villager (Male) |
| 13:01 | Crear | Villager (Male) |
| 13:06 | Crear | Archer |
| 13:15 | Construir | House |
| 13:19 | Construir | Farm |
| 13:20 | Construir | Farm |
| 13:22 | Construir | Farm |
| 13:25 | Crear | Villager (Male) |
| 13:25 | Crear | Villager (Male) |
| 13:53 | Crear | Villager (Male) |
| 14:04 | Crear | Archer |
| 14:07 | Crear | Villager (Male) |
| 14:07 | Crear | Villager (Male) |
| 14:10 | Construir | Farm |
| 14:11 | Construir | Farm |
| 14:11 | Construir | Farm |
| 14:13 | Construir | Farm |
| 14:13 | Construir | Farm |
| 14:15 | Crear | Archer |
| 14:22 | Construir | Mining Camp |
| 14:26 | Construir | Outpost |
| 14:27 | Crear | Villager (Male) |
| 14:59 | Crear | Villager (Male) |
| 15:02 | Crear | Villager (Male) |
| 15:05 | Crear | Archer |
| 15:19 | Construir | House |
| 15:22 | Construir | House |
| 15:26 | Crear | Archer |
| 15:30 | Crear | Villager (Male) |
| 15:34 | Construir | Blacksmith |
| 15:40 | Investigar | Wheelbarrow |
| 15:40 | Investigar | Wheelbarrow |
| 15:51 | Crear | Archer |
| 15:51 | Crear | Villager (Male) |
| 15:53 | Construir | Farm |
| 16:12 | Crear | Villager (Male) |
| 16:17 | Crear | Villager (Male) |
| 16:20 | Construir | House |
| 16:24 | Crear | Villager (Male) |
| 16:33 | Construir | Farm |
| 16:34 | Crear | Villager (Male) |
| 16:40 | Crear | Archer |
| 17:02 | Investigar | Fletching |
| 17:19 | Crear | Villager (Male) |
| 17:23 | Construir | Watch Tower |
| 17:25 | Crear | Villager (Male) |
| 17:28 | Crear | Archer |
| 17:31 | Construir | Farm |
| 17:33 | Crear | Villager (Male) |
| 17:45 | Crear | Villager (Male) |
| 17:48 | Crear | Archer |
| 17:57 | Crear | Villager (Male) |
| 17:59 | Crear | Archer |
| 18:17 | Crear | Villager (Male) |
| 18:25 | Crear | Villager (Male) |
| 18:30 | Crear | Villager (Male) |
| 18:35 | Crear | Archer |
| 18:35 | Crear | Villager (Male) |
| 18:46 | Crear | Villager (Male) |
| 19:16 | Construir | Farm |
| 19:18 | Construir | Farm |
| 19:19 | Crear | Villager (Male) |
| 19:37 | Crear | Archer |
| 19:38 | Crear | Villager (Male) |
| 19:41 | Construir | Watch Tower |
| 19:42 | Crear | Villager (Male) |
| 19:53 | Crear | Archer |
| 19:57 | Construir | Farm |
| 20:06 | Crear | Archer |
| 20:28 | Crear | Villager (Male) |
| 20:58 | Crear | Villager (Male) |
| 21:01 | Construir | Market |
| 21:04 | Crear | Archer |
| 21:21 | Crear | Villager (Male) |
| 21:28 | Crear | Villager (Male) |
| 21:49 | Investigar | Castle Age |
| 21:50 | Investigar | Castle Age |
| 22:01 | Crear | Archer |
| 22:16 | Construir | Stable |
| 22:20 | Investigar | Scale Barding Armor |
| 22:30 | Crear | Archer |
| 22:46 | Crear | Archer |
| 22:48 | Investigar | Horse Collar |
| 22:51 | Construir | House |
| 23:16 | Crear | Archer |
| 23:17 | Crear | Villager (Male) |
| 23:19 | Investigar | Bloodlines |
| 23:23 | Investigar | Gold Mining |
| 23:37 | Crear | Archer |
| 23:46 | Construir | Farm |
| 23:47 | Construir | Farm |
| 23:59 | Construir | Mining Camp |
| 24:09 | Crear | Villager (Male) |
| 24:11 | Construir | House |
| 24:15 | Construir | House |
| 24:29 | Edad | Edad de los Castillos |
| 24:30 | Investigar | Crossbowman (upgrade) |
| 24:31 | Investigar | Crossbowman (upgrade) |
| 24:32 | Investigar | Bodkin Arrow |
Build order — gupo57
Primeras 150 de 269 acciones detectadas
| 0:00 | Crear | Villager (Male) |
| 0:00 | Crear | Villager (Male) |
| 0:01 | Crear | Villager (Male) |
| 0:02 | Construir | House |
| 0:03 | Construir | House |
| 0:12 | Crear | Villager (Male) |
| 1:10 | Crear | Villager (Male) |
| 1:34 | Construir | House |
| 1:44 | Crear | Villager (Male) |
| 2:25 | Crear | Villager (Male) |
| 2:25 | Crear | Villager (Male) |
| 2:25 | Crear | Villager (Male) |
| 2:57 | Construir | House |
| 3:07 | Crear | Villager (Male) ×2 |
| 3:26 | Construir | Settlement |
| 3:38 | Crear | Villager (Male) |
| 3:38 | Crear | Villager (Male) |
| 3:38 | Crear | Villager (Male) |
| 3:38 | Crear | Villager (Male) |
| 4:22 | Crear | Villager (Male) |
| 4:23 | Crear | Villager (Male) |
| 4:23 | Crear | Villager (Male) |
| 4:23 | Crear | Villager (Male) |
| 5:00 | Construir | Outpost |
| 5:08 | Construir | Outpost |
| 5:10 | Construir | Outpost |
| 5:13 | Crear | Villager (Male) |
| 5:14 | Crear | Villager (Male) |
| 5:25 | Construir | House |
| 6:22 | Construir | Barracks |
| 6:50 | Investigar | Loom |
| 7:22 | Crear | Unit 2550 |
| 7:23 | Investigar | Feudal Age |
| 8:11 | Construir | Settlement |
| 8:41 | Crear | Unit 2550 |
| 8:42 | Crear | Unit 2550 |
| 8:42 | Crear | Unit 2550 |
| 9:22 | Crear | Villager (Male) |
| 9:22 | Crear | Villager (Male) |
| 9:40 | Edad | Edad Feudal |
| 9:42 | Investigar | Tech 1402 |
| 9:44 | Crear | Villager (Male) |
| 9:56 | Investigar | Double-Bit Axe |
| 10:10 | Construir | Watch Tower |
| 10:49 | Construir | Watch Tower |
| 11:32 | Crear | Villager (Male) |
| 11:32 | Crear | Villager (Male) |
| 12:16 | Crear | Villager (Male) |
| 12:16 | Crear | Villager (Male) |
| 12:34 | Construir | Stone Wall |
| 12:35 | Construir | Stone Wall |
| 12:36 | Construir | Stone Wall |
| 13:08 | Crear | Villager (Male) |
| 13:08 | Crear | Villager (Male) |
| 13:12 | Construir | Settlement |
| 13:22 | Construir | Blacksmith |
| 13:57 | Crear | Villager (Male) |
| 14:25 | Crear | Villager (Male) |
| 14:53 | Crear | Villager (Male) |
| 15:00 | Construir | Market |
| 15:02 | Construir | Palisade Wall |
| 15:23 | Crear | Villager (Male) |
| 15:51 | Crear | Villager (Male) |
| 15:54 | Construir | Farm |
| 15:55 | Construir | Farm |
| 15:58 | Construir | Farm |
| 16:04 | Construir | Watch Tower |
| 16:08 | Investigar | Fletching |
| 16:28 | Crear | Villager (Male) |
| 16:48 | Crear | Villager (Male) |
| 16:50 | Construir | Farm |
| 17:03 | Construir | Watch Tower |
| 17:11 | Crear | Villager (Male) |
| 17:11 | Crear | Villager (Male) |
| 17:34 | Crear | Villager (Male) |
| 17:34 | Crear | Villager (Male) |
| 17:35 | Construir | Farm |
| 17:49 | Construir | Watch Tower |
| 18:01 | Crear | Villager (Male) |
| 18:02 | Crear | Villager (Male) |
| 18:06 | Construir | Farm |
| 18:10 | Construir | Farm |
| 18:11 | Construir | Farm |
| 18:41 | Construir | Settlement |
| 18:44 | Crear | Villager (Male) |
| 18:44 | Crear | Villager (Male) |
| 18:50 | Construir | Farm |
| 19:07 | Construir | Watch Tower |
| 19:17 | Crear | Villager (Male) ×4 |
| 19:59 | Crear | Villager (Male) |
| 20:00 | Crear | Villager (Male) |
| 20:05 | Crear | Villager (Male) |
| 20:14 | Construir | Watch Tower |
| 20:27 | Crear | Villager (Male) |
| 21:04 | Crear | Unit 2550 |
| 21:17 | Crear | Unit 2550 |
| 21:25 | Construir | Farm |
| 21:41 | Crear | Unit 2550 |
| 21:48 | Crear | Villager (Male) |
| 21:51 | Construir | Farm |
| 21:53 | Construir | Farm |
| 22:00 | Construir | Farm |
| 22:01 | Construir | Farm |
| 22:07 | Construir | Farm |
| 22:09 | Construir | Farm |
| 22:11 | Construir | Farm |
| 22:15 | Construir | Farm |
| 22:20 | Construir | Farm |
| 22:29 | Investigar | Scale Mail Armor |
| 22:43 | Construir | Farm |
| 22:44 | Construir | Farm |
| 22:46 | Construir | Farm |
| 22:47 | Construir | Farm |
| 22:54 | Crear | Villager (Male) |
| 23:03 | Crear | Villager (Male) |
| 23:03 | Crear | Villager (Male) |
| 23:18 | Construir | Farm |
| 23:36 | Construir | Farm |
| 23:39 | Construir | Farm |
| 23:56 | Construir | Settlement |
| 24:20 | Construir | Farm |
| 24:22 | Crear | Villager (Male) |
| 24:45 | Investigar | Castle Age |
| 25:11 | Investigar | Horse Collar |
| 25:32 | Investigar | Stone Mining |
| 25:33 | Investigar | Gold Mining |
| 25:40 | Crear | Unit 2550 |
| 25:41 | Crear | Unit 2550 |
| 25:53 | Construir | Barracks |
| 25:59 | Construir | Farm |
| 26:10 | Investigar | Forging |
| 26:14 | Investigar | Arson |
| 27:25 | Edad | Edad de los Castillos |
| 27:29 | Investigar | Pikeman (upgrade) |
| 27:34 | Construir | Monastery |
| 27:44 | Investigar | Tech 1351 |
| 27:53 | Investigar | Squires |
| 28:25 | Crear | Spearman |
| 28:25 | Crear | Spearman |
| 28:56 | Crear | Villager (Male) |
| 28:57 | Crear | Villager (Male) |
| 29:01 | Construir | Farm |
| 29:04 | Crear | Monk |
| 29:04 | Crear | Monk |
| 29:33 | Construir | Castle |
| 29:35 | Construir | Stone Wall |
| 29:37 | Construir | Stone Wall |
| 29:41 | Construir | Stone Wall |
| 29:43 | Construir | Stone Wall |
| 29:46 | Crear | Spearman |
Cronología de la partida
| 6:22 | gupo57 · first_building Barracks |
| 8:22 | [R1] 12Tirador · first_building Barracks |
| 9:09 | [R1] 12Tirador · age_up feudal |
| 9:24 | [R1] 12Tirador · first_building Archery Range |
| 9:40 | gupo57 · age_up feudal |
| 12:34 | gupo57 · wall_segment Stone Wall x1 |
| 12:35 | gupo57 · wall_segment Stone Wall x1 |
| 12:36 | gupo57 · wall_segment Stone Wall x1 |
| 15:02 | gupo57 · wall_segment Palisade Wall x3 |
| 22:16 | [R1] 12Tirador · first_building Stable |
| 24:25 | [R1] 12Tirador · first_market_sell 100 stone |
| 24:26 | [R1] 12Tirador · first_market_buy 100 food |
| 24:29 | [R1] 12Tirador · age_up castle |
| 24:31 | gupo57 · first_market_sell 100 stone |
| 24:33 | gupo57 · first_market_buy 100 food |
| 25:49 | [R1] 12Tirador · first_building Siege Workshop |
| 27:25 | gupo57 · age_up castle |
| 27:34 | gupo57 · first_building Monastery |
| 29:33 | gupo57 · first_building Castle |
| 29:35 | gupo57 · wall_segment Stone Wall x1 |
| 29:37 | gupo57 · wall_segment Stone Wall x1 |
| 29:38 | [R1] 12Tirador · first_building Monastery |
| 29:41 | gupo57 · wall_segment Stone Wall x1 |
| 29:43 | gupo57 · wall_segment Stone Wall x1 |
| 39:20 | [R1] 12Tirador · first_building Castle |
| 40:53 | gupo57 · age_up imperial |
| 41:02 | [R1] 12Tirador · age_up imperial |
| 46:06 | [R1] 12Tirador · resign |
[ ANÁLISIS IA · 1 CRÉDITO ]
¿Qué pasó realmente en esta partida?
Wolo.gg analiza cada decisión: build order, eco, micro, errores típicos por bracket. Análisis personalizado por WhatsApp o Discord en 30 segundos.
Guía civ
Chinos
Perfil
Jugador #260973